 Dungeon Crawl Stone Soup version 0.17.1-1-g73c8601 (webtiles) character file.

110 Murray the Sneak (level 4, -1/34 HPs)
             Began as a Vampire Assassin on Jan 8, 2016.
             Slain by a wasp (5 damage)
             ... on level 3 of the Dungeon.
             The game lasted 00:12:42 (2407 turns).

Murray the Sneak (Vampire Assassin)                 Turns: 2407, Time: 00:12:42

Health: -1/34      AC:  3    Str: 10    XL:     4   Next: 61%
Magic:  4/4        EV: 13    Int: 13    God:
Gold:   204        SH:  0    Dex: 16    Spells: 0 memorised, 3 levels left

rFire  . . .     SeeInvis +     a - +2 dagger
rCold  + + .     Clarity  .     c - +0 robe
rNeg   + + +     SustAt   .     (no shield)
rPois  +         Gourm    .     (no helmet)
rElec  .         Spirit   .     d - +0 cloak
rCorr  .         Warding  .     (no gloves)
rMut   .         Stasis   .     (no boots)
MR     +....                    (no amulet)
Stlth  ++++......               (no ring)
                                h - ring of protection from magic

@: regenerating slowly, somewhat resistant to hostile enchantments, stealthy
A: fangs 3, see invisible, unbreathing
a: Bat Form


You were on level 3 of the Dungeon.
You were near bloodless.

You visited 1 branch of the dungeon, and saw 3 of its levels.

You collected 204 gold pieces.

Inventory:

Hand Weapons
 a - a +2 dagger (weapon)
 b - a +0 blowgun
 x - a cursed -3 club
Missiles
 e - 12 poisoned needles
 f - 2 curare-tipped needles
Armour
 c - a +0 robe (worn)
 d - a +0 cloak (worn)
Jewellery
 h - a ring of protection from magic (left hand)
Scrolls
 i - 3 scrolls of remove curse
 j - 4 scrolls of identify {unknown}
 m - 3 scrolls of teleportation {unknown}
 q - a scroll of immolation {unknown}
 u - a scroll of noise {unknown}
 v - a scroll of enchant armour {unknown}
Potions
 g - 13 potions of blood
 k - 3 potions of heal wounds {unknown}
 l - a potion of might {unknown}
 n - a potion of lignification {unknown}
 o - a potion of invisibility {unknown}
 p - 2 potions of agility {unknown}
 r - a potion of cure mutation {unknown}
 s - 3 potions of curing {unknown}
 t - a potion of mutation {unknown}
 w - a potion of berserk rage {unknown}


   Skills:
 + Level 2.5 Fighting
 + Level 3.8 Short Blades
 - Level 1.5 Throwing
 + Level 2.3 Dodging
 + Level 6.4 Stealth


You had 3 spell levels left.
You didn't know any spells.

Dungeon Overview and Level Annotations

Branches:
Dungeon (3/15)

Altars:
Ru
Sif Muna
The Shining One


Innate Abilities, Weirdness & Mutations

You heal slowly.
You have razor-sharp teeth.
You have supernaturally acute eyesight.
You can survive without breathing.


Message History

The wasp misses you.
You hit the wasp.
The wasp is moderately wounded.
The wasp barely misses you.
You completely miss the wasp.
The wasp is moderately wounded.
The wasp stings you.
You barely miss the wasp.
The wasp is moderately wounded.
The wasp stings you.
You feel yourself slow down. The wasp stings you.
You hit the wasp but do no damage.
The wasp is moderately wounded.
You feel yourself speed up. The wasp stings you!
* * * LOW HITPOINT WARNING * * *
You hit the wasp.
The wasp is moderately wounded.
The wasp completely misses you. The wasp barely misses you.
The wasp stings you.
You die...

#.##...%...#
#..........#
####.......#
#.......#
#.....(.#
######.##
#.# #y#
#@########
#.......(#
########.#
#.# #.# #.#
#.#
#.#########
#..........


You could see a wasp.

Vanquished Creatures
  An orc wizard (D:3)
  An adder (D:2)
  3 oozes
  2 giant geckos
  3 orcs (D:3)
  2 giant cockroaches
  2 goblins (D:3)
  4 hobgoblins
  4 jackals
  10 kobolds
  2 quokkas
  12 bats
  A giant newt (D:2)
  8 rats
55 creatures vanquished.

Notes
Turn   | Place    | Note
--------------------------------------------------------------
     0 | D:1      | Murray the Vampire Assassin began the quest for the Orb.
     0 | D:1      | Reached XP level 1. HP: 16/16 MP: 1/1
    53 | D:1      | Reached skill level 6 in Stealth
   379 | D:1      | Reached XP level 2. HP: 15/22 MP: 2/2
   978 | D:2      | Reached XP level 3. HP: 27/27 MP: 3/3
  1837 | D:3      | Reached XP level 4. HP: 18/34 MP: 4/4
  2358 | D:3      | Found a deep blue altar of Sif Muna.
  2358 | D:3      | Noticed a wasp
  2359 | D:3      | Found a sacrificial altar of Ru.
  2361 | D:3      | Found a glowing golden altar of the Shining One.
  2407 | D:3      | Slain by a wasp

Action                   |  1- 3 |  4- 6 || total
-------------------------+-------+-------++-------
Melee: Dagger            |    87 |    43 ||   130
  Use: Scroll            |       |     1 ||     1
 Stab: Sleeping          |    23 |     4 ||    27
